 Dungeon Crawl Stone Soup version 0.27.1-33-g824d729ab1 (webtiles) character file.

Game seed: 5435661128446017852

4741 Nixze the Scholar of Death (level 10, -10/76 HPs)
             Began as a Mummy Necromancer on Dec 28, 2021.
             Was a Follower of Kikubaaqudgha.
             Mangled by a hellwing (15 damage)
             ... summoned by a kobold demonologist
             ... on level 9 of the Dungeon on Dec 29, 2021.
             The game lasted 00:51:04 (15081 turns).

Nixze the Scholar of Death (Mummy Necromancer)     Turns: 15081, Time: 00:51:04

Health: -10/76     AC:  2    Str: 12    XL:     10   Next: 22%
Magic:  12/22      EV: 13    Int: 17    God:    Kikubaaqudgha [*.....]
Gold:   449        SH:  0    Dex: 13    Spells: 10/25 levels left

rFire    x . .     SeeInvis .   s - +2 rapier (speed)
rCold    + . .     Faith    .   (no shield)
rNeg     + + +     Spirit   .   a - +0 robe
rPois    ∞         Reflect  .   (no helmet)
rElec    .         Harm     .   (no cloak)
rCorr    .         Rampage  .   (no gloves)
Will     ++...                  (no boots)
Stlth    ++........             g - amulet of regeneration
HPRegen  1.22/turn              f - ring of willpower
MPRegen  0.18/turn              k - +4 ring of slaying

@: weakened
A: cold resistance 1, negative energy resistance 3, torment resistance 2, heat
vulnerability 1, no potions
a: Renounce Religion, Receive Corpses


You were on level 9 of the Dungeon.
You worshipped Kikubaaqudgha.
Kikubaaqudgha was aware of your devotion.
You visited 2 branches of the dungeon, and saw 10 of its levels.

You collected 449 gold pieces.

Inventory:

Hand Weapons
 d - a +0 dagger of flaming
 r - a +6 short sword
 s - a +2 rapier of speed (weapon)
 v - a +2 whip of freezing
Missiles
 n - 166 stones
 w - 12 poisoned darts (quivered)
Armour
 a - a +0 robe (worn)
 t - a +0 leather armour
Jewellery
 f - a ring of willpower (left hand)
 g - an amulet of regeneration (around neck)
 k - a +4 ring of slaying (right hand)
 u - a +6 ring of intelligence
Wands
 j - a wand of digging (3)
 o - a wand of flame (9)
Scrolls
 b - 6 scrolls of identify {unknown}
 c - 2 scrolls of amnesia {unknown}
 e - 3 scrolls of blinking {unknown}
 h - 5 scrolls of teleportation {unknown}
 i - 2 scrolls of noise {unknown}
 l - 2 scrolls of fog {unknown}
 m - a scroll of immolation {unknown}
 p - a scroll of vulnerability {unknown}
 q - 2 scrolls of fear {unknown}


   Skills:
 - Level 6.0 Fighting
 - Level 3.0 Short Blades
 - Level 4.0 Dodging
 - Level 3.0 Stealth
 - Level 8.0 Spellcasting
 - Level 0.3 Conjurations
 + Level 9.9 Necromancy
 - Level 4.0 Evocations


You had 10 spell levels left.
You knew the following spells:

 Your Spells              Type           Power      Damage    Failure   Level
a - Pain                  Necr           100%       1d9       1%          1
b - Animate Skeleton      Necr           80%        N/A       1%          1
c - Vampiric Draining     Necr           20%        2d8       1%          3
d - Animate Dead          Necr           20%        N/A       1%          4
e - Agony                 Necr           40%        N/A       4%          5
f - Magic Dart            Conj           28%        1d4       10%         1

Your spell library contained the following spells:

 Spells                   Type           Power      Damage    Failure   Level
 Corpse Rot               Necr/Air       N/A        N/A       1%          2
 Foxfire                  Conj/Fire      28%        2x1d5     10%         1
 Sting                    Tmut/Pois      24%        1d4       11%         1
 Searing Ray              Conj           14%        3d3       14%         2
 Poisonous Vapours        Pois/Air       12%        N/A       16%         2
 Slow                     Hex            6%         N/A       16%         2
 Confusing Touch          Hex            6%         N/A       30%         3
 Conjure Flame            Conj/Fire      7%         6-21      30%         3
 Inner Flame              Hex/Fire       6%         N/A       30%         3
 Tukima's Dance           Hex            6%         N/A       30%         3
 Fulminant Prism          Conj/Hex       3%         3d6       69%         4
 Olgreb's Toxic Radiance  Pois           6%         N/A       71%         4
 Passage of Golubria      Tloc           N/A        N/A       71%         4
 Yara's Violent Unravell  Hex/Tmut       3%         3d4       96%         5


Dungeon Overview and Level Annotations

Branches:
Dungeon (9/15)             Temple (1/1) D:5
   Lair: D:8-11         Orc: D:9-12

Altars:
Ashenzari
Cheibriados
Dithmenos
Elyvilon
Fedhas
Gozag
Hepliaklqana
Kikubaaqudgha
Makhleb
Nemelex Xobeh
Okawaru
Qazlal
Ru
Sif Muna
Trog
Uskayaw
Vehumet
Wu Jian
Xom
Yredelemnul
Zin
The Shining One

Shops:
D:4 (

Annotations:
D:4 Sigmund
D:8 exclusion: ice statue


Innate Abilities, Weirdness & Mutations

You are immune to poison.
Your flesh is cold resistant. (rC+)
You are immune to negative energy. (rN+++)
You are immune to unholy pain and torment.
You are vulnerable to heat. (rF-)
You do not drink.


Message History

The hellwing barely misses you. The hellwing closely misses you.
The kobold demonologist hits you with a +0 dagger.
You miss the kobold demonologist.
The kobold demonologist is heavily wounded.
The orange demon misses you. The orange demon hits you.
The hellwing hits you! x2
The kobold demonologist barely misses you.
Kikubaaqudgha delivers you corpses! The orange demon stings you.
The orange demon hits you but does no damage.
The hellwing hits you!
* * * LOW HITPOINT WARNING * * *
The hellwing hits you.
* * * LOW HITPOINT WARNING * * *
The kobold demonologist barely misses you.
Casting: Pain (safe; 1% risk of failure)
Confirm with . or Enter, or press ? or * to list all spells.
You call on the dead to rise...
The dead are walking!
The orange demon stings you!
* * * LOW HITPOINT WARNING * * *
The orange demon hits you.
* * * LOW HITPOINT WARNING * * *
You feel your attacks grow feeble.
The hellwing hits you but does no damage.
The hellwing barely misses you.
The kobold demonologist hits you with a +0 dagger.
* * * LOW HITPOINT WARNING * * *
Casting: Animate Dead (dangerous; 1% risk of failure)
Confirm with . or Enter, or press ? or * to list all spells.
Aiming: Vampiric Draining (safe; 1% risk of failure)
Press: ? - help, Shift-Dir - straight line, f/p - kobold demonologist
Aim: a kobold demonologist, wielding a +0 dagger and wearing a +0 robe (heavily wounded)
You draw life force from the kobold demonologist!
You feel life coursing into your body.
Your centaur warrior zombie hits the hellwing but does no damage.
Your centaur warrior zombie barely misses the hellwing.
The orange demon stings you.
* * * LOW HITPOINT WARNING * * *
The orange demon barely misses you. The hellwing hits you!
You die...
Kikubaaqudgha rasps: "You have failed me!
Welcome... oblivion!"

..# #.....# ..# #.....# ..#
##### #.....#
..##########...######.....#
..........................#
.########.....####''####..#
.# #...###........#..# .#
#...# #4.Z.....#..# .#
#...# #Z@♣.♣♣..#..# .#
#...# #4.K♣.♣..#..# .#
#...# #..♣5♣...#..# ..
....# #..♣♣5♣..#..# . #...
....#..# #... ...# #### ###


You could see an orange demon (summoned), a hellwing (summoned, ally target), a
kobold demonologist, an iron imp (summoned), a shadow imp (summoned), a friendly
yak zombie and a friendly centaur warrior zombie.

Vanquished Creatures
  Pikel (D:6)
  A hornet (D:7)
  Grinder (D:5)
  6 yaks
  A basilisk (D:9)
  Eustachio (D:6)
  Menkaure (D:6)
  2 water moccasins
  An ice beast (D:7)
  A black bear (D:4)
  2 orc warriors (D:7)
  An ogre (D:4)
  A necrophage (D:3)
  A phantom (D:5)
  A lemure (D:5)
  A kobold brigand (D:9)
  Blork the orc (D:5)
  5 bullfrogs
  3 scorpions
  A water moccasin skeleton (D:4)
  5 wights (D:8)
  3 howler monkeys
  4 crimson imps (D:8)
  5 hounds
  An orc priest (D:6)
  A centaur skeleton (D:6)
  3 iguanas
  Ijyb (D:5)
  Natasha (thrice) (D:3)
  3 orc wizards
  2 killer bee zombies
  7 adders
  9 gnolls
  A shadow imp (D:5)
  3 white imps
  An ufetubus (D:7)
  6 worms
  5 dart slugs
  14 orcs
  7 ball pythons
  7 endoplasms
  3 giant cockroaches
  5 goblins
  12 hobgoblins
  6 jackals
  4 quokkas
  3 bats
  2 frilled lizards
  7 kobolds
  8 rats
174 creatures vanquished.

Vanquished Creatures (collateral kills)
  An ufetubus (D:6)
  An orc (D:8)
2 creatures vanquished.

Vanquished Creatures (others)
  An orc wizard (D:2)
  7 fungi (D:2)
  A plant (D:2)
9 creatures vanquished.

Grand Total: 185 creatures vanquished

Notes
Turn   | Place    | Note
-------+----------+-------------------------------------------
     0 | D:1      | Nixze the Mummy Necromancer began the quest for the Orb.
     0 | D:1      | Reached XP level 1. HP: 13/13 MP: 4/4
    44 | D:1      | Learned a level 1 spell: Animate Skeleton
   544 | D:1      | Reached skill level 1 in Fighting
   583 | D:1      | Reached XP level 2. HP: 21/21 MP: 1/6
  1495 | D:1      | Reached XP level 3. HP: 22/27 MP: 1/7
  1940 | D:2      | Learned a level 3 spell: Vampiric Draining
  2231 | D:2      | Reached XP level 4. HP: 25/33 MP: 0/10
  2911 | D:2      | Learned a level 4 spell: Animate Dead
  3099 | D:2      | Found a faded altar of an unknown god.
  3106 | D:2      | Got Plato's Compendium of Flames
  3326 | D:3      | Noticed Natasha
  3333 | D:3      | Killed Natasha
  3536 | D:3      | Reached XP level 5. HP: 34/41 MP: 7/11
  4360 | D:3      | Noticed a necrophage
  4390 | D:3      | Killed a necrophage
  4391 | D:3      | Reached skill level 5 in Necromancy
  4391 | D:3      | Reached skill level 5 in Spellcasting
  4391 | D:3      | Reached XP level 6. HP: 11/47 MP: 10/13
  6099 | D:3      | Noticed Natasha
  6104 | D:3      | Killed Natasha
  6544 | D:3      | Noticed Natasha
  6553 | D:3      | Killed Natasha
  8253 | D:4      | Reached XP level 7. HP: 29/55 MP: 0/16
  8492 | D:4      | Noticed Sigmund
  8562 | D:4      | Reached skill level 5 in Fighting
  8873 | D:4      | Found Jeomorek's Weapon Shop.
  8886 | D:4      | Learned a level 5 spell: Agony
  9084 | D:4      | Reached skill level 6 in Necromancy
  9438 | D:5      | Entered Level 5 of the Dungeon
  9569 | D:5      | Noticed Ijyb
  9585 | D:5      | Killed Ijyb
  9615 | D:5      | Reached XP level 8. HP: 45/62 MP: 0/19
  9836 | D:5      | Noticed Blork the orc
  9848 | D:5      | Killed Blork the orc
 10018 | D:5      | Found a staircase to the Ecumenical Temple.
 10031 | D:5      | Noticed Grinder
 10035 | Temple   | Entered the Ecumenical Temple
 10267 | Temple   | Became a worshipper of Kikubaaqudgha
 10287 | D:5      | Paralysed by Grinder for 2 turns
 10330 | D:5      | Paralysed by Grinder for 7 turns
 10341 | D:5      | Killed Grinder
 10565 | D:5      | Found an iron altar of Okawaru.
 10780 | D:6      | Noticed Eustachio
 10899 | D:6      | Noticed Menkaure
 10910 | D:6      | Killed Menkaure
 10971 | D:6      | Killed Eustachio
 10972 | D:6      | Reached skill level 1 in Evocations
 11201 | D:6      | Noticed Pikel
 11215 | D:6      | Killed Pikel
 11216 | D:6      | Reached skill level 7 in Necromancy
 11216 | D:6      | Reached XP level 9. HP: 69/69 MP: 21/21
 12443 | D:8      | Reached * piety under Kikubaaqudgha
 12443 | D:8      | Received a gift from Kikubaaqudgha
 12621 | D:8      | Found a shimmering blue altar of Sif Muna.
 12672 | D:8      | Reached skill level 8 in Necromancy
 13401 | D:8      | Noticed an ice statue
 13571 | D:8      | Learned a level 1 spell: Magic Dart
 13619 | D:8      | Reached skill level 9 in Necromancy
 13625 | D:8      | Reached skill level 1 in Short Blades
 14002 | D:8      | Found a shimmering altar of Xom.
 14520 | D:8      | HP: 3/69 [yak (17)]
 14525 | D:8      | Reached XP level 10. HP: 11/76 MP: 6/22
 14525 | D:8      | HP: 3/76 [yak (14)]
 15076 | D:9      | Noticed an orange demon
 15080 | D:9      | HP: 1/76 [kobold demonologist (3)]
 15081 | D:9      | Mangled by a hellwing

Illustrated notes

Levels and vault maps discovered:
D:1:      dpeg_arrival_yet_another_circle, layout_basic,
          chequers_serial_rivers_micro_e, minmay_misc_feat_diagonals
D:2:      layout_loops_cross, shapermc_ecumenical_altar_rom_forum
D:3:      layout_basic, minmay_joined_circles, uniq_natasha
D:4:      layout_basic, serial_shops, shop, uniq_sigmund
D:5:      layout_rooms, gammafunk_temple_overflow_pools,
          minmay_temple_entry_junction, uniq_blork_the_orc, uniq_grinder,
          uniq_ijyb
D:6:      layout_basic, uniq_pikel, uniq_eustachio, uniq_menkaure
D:7:      layout_rooms
D:8:      lemuel_ice_statue, layout_basic, led_xom_imps,
          nicolae_overflow_hidden_temple
D:9:      layout_irregular_city, kennysheep_generic_room_4
Temple:   eino_narrow_crystal_temple

Skill      XL: |  1  2  3  4  5  6  7  8  9 10 |
---------------+-------------------------------+-----
Spellcasting   | 3 4 5 6 7 8 |  8.0
Fighting       | 1 2 3 4 5 6 |  6.0
Stealth        | 2 3 |  3.0
Dodging        | 2 4 |  4.0
Necromancy     | 5 6 7 9 |  9.9
Evocations     | 2 4 |  4.0
Short Blades   | 2 3 |  3.0
Conjurations   | |  0.3

Action                   |  1- 3 |  4- 6 |  7- 9 | 10-12 || total
-------------------------+-------+-------+-------+-------++-------
Melee: Unarmed           |     1 |       |       |       ||     1
       Dagger            |     5 |    49 |   193 |       ||   247
       Rapier            |       |       |    45 |    28 ||    73
Throw: Stone             |       |       |     4 |       ||     4
       Dart              |       |       |     3 |     4 ||     7
 Cast: Pain              |    78 |   162 |   180 |    16 ||   436
       Animate Skeleton  |     1 |     2 |       |       ||     3
       Vampiric Draining |       |     4 |    21 |     6 ||    31
       Animate Dead      |       |     2 |    18 |     4 ||    24
       Agony             |       |       |     5 |     1 ||     6
       Magic Dart        |       |       |    20 |       ||    20
Invok: Receive Corpses   |       |       |       |     1 ||     1
Evoke: Wand              |       |       |     9 |     2 ||    11
 Stab: Sleeping          |       |       |     1 |       ||     1
Armor: Robe              |     2 |    11 |    51 |     4 ||    68
Dodge: Dodged            |    18 |    49 |   281 |    19 ||   367
